 Dungeon Crawl Stone Soup version 0.28-a0-1339-ga5422284a4 (webtiles) character file.

Game seed: 5412209552091249606

48 SensoryNuts the Skirmisher (level 3, -8/29 HPs)
             Began as a Demonspawn Fighter on Dec 28, 2021.
             Mangled by an ice beast (14 damage)
             ... on level 3 of the Dungeon.
             The game lasted 00:03:07 (1989 turns).

SensoryNuts the Skirmisher (Demonspawn Fighter)     Turns: 1989, Time: 00:03:07

Health: -8/29      AC:  6    Str: 18    XL:     3   Next: 50%
Magic:  3/3        EV:  9    Int:  9    God:
Gold:   141        SH:  4    Dex: 12    Spells: 2/2 levels left

rFire   . . .      SeeInvis .   a - +0 long sword
rCold   . . .      Faith    .   c - +0 buckler
rNeg    . . .      Spirit   .   b - +0 scale mail
rPois   .          Reflect  .   (no helmet)
rElec   .          Harm     .   (no cloak)
rCorr   .          Rampage  .   (no gloves)
Will    .....                   (no boots)
Stlth   ..........              (no amulet)
HPRegen 0.09/turn               (no ring)
MPRegen 0.08/turn               (no ring)

@: mighty
A: demonic magic 2
a: no special abilities


You were on level 3 of the Dungeon.
You visited 1 branch of the dungeon, and saw 3 of its levels.

You collected 141 gold pieces.

Inventory:

Hand Weapons
 a - a +0 long sword (weapon)
Armour
 b - a +0 scale mail (worn)
 c - a +0 buckler (worn)
Jewellery
 f - a ring of magical power
Scrolls
 e - a scroll of identify {unknown}
 h - a scroll of magic mapping {unknown}
Potions
 g - a potion of resistance
 i - 2 potions of mutation {unknown}
 j - a potion of flight {unknown}


   Skills:
 + Level 3.2 Fighting
 + Level 2.3 Long Blades
 + Level 3.1 Armour
 + Level 0.3 Dodging
 + Level 3.1 Shields


You had 2 spell levels left.
You didn't know any spells.
Your spell library contained the following spells:

 Spells                   Type           Power      Damage    Failure   Level
 Slow                     Hex            0%         N/A       80%         1
 Confusing Touch          Hex            0%         N/A       99%         3
 Vampiric Draining        Necr           0%         2d6       99%         3


Dungeon Overview and Level Annotations

Branches:
Dungeon (3/15)

Altars:

Shops:
D:2 [


Innate Abilities, Weirdness & Mutations

Spells you cast may paralyse nearby enemies.


Message History

You hit the ice beast.
The ice beast is moderately wounded.
The ice beast hits you but does no damage. x2
You hit the ice beast but do no damage.
The ice beast is moderately wounded.
The kobold hits you but does no damage. The ice beast barely misses you.
The kobold closely misses you.
You closely miss the ice beast.
The ice beast is moderately wounded.
The ice beast barely misses you. The kobold hits you but does no damage.
The kobold barely misses you.
You feel very mighty all of a sudden. You block the ice beast's attack.
The kobold hits you but does no damage.
You slash the ice beast!
The ice beast is heavily wounded.
You block the ice beast's attack. The kobold closely misses you.
The ice beast hits you but does no damage.
You closely miss the ice beast.
The ice beast is heavily wounded.
The kobold hits you but does no damage. The ice beast barely misses you.
The kobold completely misses you.
You barely miss the ice beast.
The ice beast is heavily wounded.
You block the ice beast's attack. You block the kobold's attack.
You hit the ice beast.
The ice beast is heavily wounded.
The ice beast barely misses you. The kobold hits you with a +0 club.
The ice beast hits you. The ice beast freezes you!
* * * LOW HITPOINT WARNING * * *
You closely miss the ice beast.
The ice beast is heavily wounded.
The kobold barely misses you.
The ice beast hits you but does no damage.
The kobold hits you but does no damage.
You closely miss the ice beast.
The ice beast is heavily wounded.
The ice beast hits you.
* * * LOW HITPOINT WARNING * * *
The ice beast freezes you!
You die...

###########
#.........#
#.........#
#.........#
#....Y....#
#....@K...#
#.........#
#........<#
.............#
###..>........#
...............
...............#.
#............##.
.. .$.......#. ..
.


You could see an ice beast and a kobold.

Vanquished Creatures
  A worm (D:2)
  A dart slug (D:1)
  5 ball pythons
  3 endoplasms (D:2)
  5 giant cockroaches
  5 goblins
  5 hobgoblins
  2 quokkas
  3 bats
  2 frilled lizards (D:1)
  3 kobolds
  3 rats (D:1)
38 creatures vanquished.

Notes
Turn   | Place    | Note
-------+----------+-------------------------------------------
     0 | D:1      | SensoryNuts the Demonspawn Fighter began the quest for the
                  | Orb.
     0 | D:1      | Reached XP level 1. HP: 18/18 MP: 1/1
   260 | D:1      | Gained mutation: Spells you cast may paralyse adjacent
                  | enemies. [demonic ancestry]
   260 | D:1      | Reached XP level 2. HP: 23/24 MP: 2/2
   982 | D:2      | Gained mutation: Spells you cast may paralyse nearby
                  | enemies. [demonic ancestry]
   982 | D:2      | Reached XP level 3. HP: 21/29 MP: 3/3
  1513 | D:2      | Found Qutiuj's Armour Shoppe.
  1973 | D:3      | Noticed an ice beast
  1989 | D:3      | Mangled by an ice beast

Illustrated notes

Levels and vault maps discovered:
D:1:      dpeg_arrival_tiny_h, layout_basic
D:2:      layout_loops_ring, serial_shops, nicolae_diamond_shop
D:3:      layout_rooms, hellmonk_ghost_happy_afterlife, serial_shops,
          shop_statue, minmay_misc_feat_secret_circle, minmay_distorted

Skill      XL: |  1  2 |
---------------+-------+-----
Shields        | 3 |  3.1
Armour         | 3 |  3.1
Long Blades    | 2 |  2.3
Fighting       | |  3.2
Dodging        | |  0.3

Action                   || total
-------------------------++-------
Melee: Long sword        ||   141
  Use: Potion            ||     2
       Scroll            ||     1
Armor: Scale mail        ||   113
Dodge: Dodged            ||    98
Block: Buckler           ||    47

Table legend: (Time is in decaauts)
 A = Elapsed time spent in this place.
 B = Non-inter-level travel time spent in this place.
 C = Inter-level travel time spent in this place.
 D = Time resting spent in this place.
 E = Time spent auto-exploring this place.
 F = Levels seen in this place.
 G = Mean time per level.
                   A        B        C        D        E       F      G
               +--------+--------+--------+--------+--------+-----+--------+
         Total |   2034 |   2021 |     13 |      0 |   1687 |   3 |  678.0 |
       Dungeon |   2034 |   2021 |     13 |      0 |   1687 |   3 |  678.0 |
               +--------+--------+--------+--------+--------+-----+--------+

Top non-repeatable levels by time:
     D:2: 1024 daAuts
     D:1: 991 daAuts
     D:3: 18 daAuts
